 Dungeon Crawl Stone Soup version 0.26.1-11-gd32895ea62 (webtiles) character file.

Game seed: 8796581139344026538

20668 JakersMate the Fighter (level 12, -9/101 HPs)
             Began as a Demonspawn Chaos Knight on June 7, 2021.
             Was a Plaything of Xom.
             Mangled by a +1 flail of protection (11 damage)
             ... on level 2 of the Elven Halls.
             The game lasted 00:37:19 (13663 turns).

JakersMate the Fighter (Demonspawn Chaos Knight)   Turns: 13663, Time: 00:37:19

Health: -9/101     AC: 10    Str: 19    XL:     12   Next: 47%
Magic:  0/23       EV: 13    Int: 19    God:    Xom [.*....]
Gold:   1859       SH:  0    Dex: 19    Spells: 18/25 levels left

rFire    + . .     SeeInvis .   x - +8 war axe of Yzargh {drain, Str+2 Int-3 Dex+6}
rCold    + + .     Faith    .   (no shield)
rNeg     . . .     Spirit   +   j - +0 troll leather armour
rPois    .         Reflect  .   (helmet currently unavailable)
rElec    .         Harm     .   p - +0 cloak
rCorr    .         Rampage  .   y - +0 pair of gloves
Will     .....                  (boots currently unavailable)
Stlth    ++........             D - amulet of guardian spirit
HPRegen  1.06/turn              L - +6 ring of intelligence
MPRegen  0.36/turn              s - ring of fire

@: appendages, wereblooded
A: horns 2, talons 2, thin metallic scales 2, clever 1, cold resistance 3,
demonic guardian 1, mutation resistance 1, sense surroundings 1, regeneration 1,
wild magic 1, magic shield, magic regeneration
a: End Transformation, Renounce Religion


You were on level 2 of the Elven Halls.
You worshipped Xom.
You were a plaything of Xom.
You had grown temporary horns.
You visited 3 branches of the dungeon, and saw 15 of its levels.

You collected 2770 gold pieces.
You spent 911 gold pieces at shops.

Inventory:

Hand Weapons
 x - the +8 war axe of Yzargh (weapon) {drain, Str+2 Int-3 Dex+6}
   (You took it off a gnoll on level 5 of the Dungeon)

   A truly terrible weapon, it drains the life of those it strikes.
   It affects your strength (+2).
   It affects your intelligence (-3).
   It affects your dexterity (+6).
Armour
 j - a +0 troll leather armour (worn)
 n - a +1 pair of boots (melded)
 p - a +0 cloak (worn)
 y - a +0 pair of gloves (worn)
 M - the +3 crown of Dyrovepreva (melded) {rElec Int+2 SInv}
   (You bought it in a shop on level 9 of the Dungeon)

   It affects your intelligence (+2).
   It insulates you from electricity.
   It lets you see invisible.
Magical Staves
 z - an uncursed staff of earth
Jewellery
 e - an uncursed ring of protection from fire
 s - a ring of fire (right hand)
 D - an amulet of guardian spirit (around neck)
 E - an uncursed ring of protection from fire
 L - a +6 ring of intelligence (left hand)
Wands
 q - a wand of paralysis (13)
 C - a wand of acid (5)
 F - a wand of random effects (13)
 G - a wand of flame (16)
 J - a wand of polymorph (5)
Scrolls
 a - 2 scrolls of immolation
 b - a scroll of fog
 c - a scroll of enchant armour
 g - a scroll of fear
 m - 2 scrolls of vulnerability
 o - 5 scrolls of remove curse
 r - 3 scrolls of magic mapping
 w - 5 scrolls of teleportation
 B - 4 scrolls of enchant weapon
 H - 2 scrolls of identify
 N - a scroll of brand weapon {unknown}
Potions
 d - 3 potions of invisibility
 f - 3 potions of resistance
 h - a potion of haste
 i - 11 potions of curing
 k - a potion of might
 l - 3 potions of flight
 t - a potion of berserk rage
 u - a potion of brilliance {unknown}
 v - 2 potions of lignification
 A - 2 potions of heal wounds
 I - a potion of ambrosia
Miscellaneous
 K - a phantom mirror


   Skills:
 - Level 11.7 Fighting
 - Level 11.0(11.5) Axes
 - Level 5.8(9.2) Maces & Flails
 - Level 6.6 Armour
 - Level 2.2 Dodging
 - Level 1.0 Stealth
 - Level 7.4 Spellcasting
 + Level 2.8 Transmutations


You had 18 spell levels left.
You knew the following spells:

 Your Spells              Type           Power        Failure   Level
a - Beastly Appendage     Tmut           46%          6%          1
b - Blink                 Tloc           N/A          24%         2
c - Wereblood             Tmut           23%          9%          2
d - Slow                  Hex            9%           24%         2

Your spell library contained the following spells:

 Spells                   Type           Power        Failure   Level
 Corona                   Hex            10%          16%         1
 Magic Dart               Conj           36%          16%         1
 Call Imp                 Summ           9%           24%         2
 Spider Form              Tmut/Pois      8%           26%         3
 Conjure Flame            Conj/Fire      13%          41%         3
 Inner Flame              Hex/Fire       13%          41%         3
 Mephitic Cloud           Conj/Pois/Air  9%           41%         3
 Portal Projectile        Hex/Tloc       18%          41%         3
 Ice Form                 Ice/Tmut       16%          61%         4
 Blade Hands              Tmut           11%          75%         5
 Cause Fear               Hex            4%           80%         4
 Leda's Liquefaction      Hex/Erth       4%           80%         4


Dungeon Overview and Level Annotations

Branches:
Dungeon (11/15)            Temple (0/1) D:4            Lair (0/6) D:8
    Orc (2/2) D:11            Elf (1/3) Orc:2

Altars:
Fedhas
Gozag
Makhleb
Vehumet
Wu Jian
Xom
Yredelemnul
Zin
Beogh

Shops:
D:6 !   D:8 *   D:9 [   Orc:2 *:*[


Innate Abilities, Weirdness & Mutations

You have razor-sharp toenails.
You are mostly covered in thin metallic scales. (AC +3)
A weak demonic guardian rushes to your aid.
When hurt, damage is shared between your health and your magic reserves.
You regenerate magic rapidly.
You have a pair of horns on your head.
Your mind is acute. (Int +2)
Your flesh is almost immune to the effects of cold. (rC+++)
You are somewhat resistant to further mutation.
You passively map a small area around you.
Your natural rate of healing is unusually fast.
Your spells are a little harder to cast, but a little more powerful.


Message History

The +4 mace of protection is unaffected.
The +1 vorpal scimitar is unaffected.
The +0 scimitar of holy wrath is unaffected.
Your iron imp is unaffected.
The +3 eveningstar of pain is unaffected.
The deep elf knight resists with almost no effort.
The +0 dire flail of holy wrath is unaffected.
The deep elf mage looks frightened!
The +1 flail of protection hits you!!
* * * LOW HITPOINT WARNING * * *
The deep elf mage mumbles some strange words.
The deep elf mage blinks!
The +0 scimitar of holy wrath hits you.
* * * LOW HITPOINT WARNING * * *
You convulse.
* * * LOW HITPOINT WARNING * * *
The +3 eveningstar of pain misses you.
The +0 dire flail of holy wrath hits your iron imp but does no damage.
The deep elf knight shoots an arrow.
The arrow misses you. The +1 flail of protection hits you!
You die...
Xom thinks this is hilarious!

* * ......
* ##.....
, ,,
#.....
#.... * ,
( #...# ,
#...## ,(
#(...# ,
#@(5.# ,
#)(((.# ,
(
#.e({....
#........
#........
#........
#......ยง.
#.....#..
, , , ,


You could see a deep elf knight, 6 dancing weapons and a friendly iron imp
(summoned).

Vanquished Creatures
  A stone giant (Orc:2)
  A boulder beetle (D:11)
  A dancing weapon (Elf:1)
  Sonja (Orc:1)
  An unseen horror (D:10)
  5 orc knights
  A deep elf mage (Elf:2)
  An ugly thing (D:11)
  An orc sorcerer (D:11)
  A cyclops (Orc:1)
  A gargoyle (D:11)
  A rime drake (D:6)
  A komodo dragon (D:8)
  Grinder (D:3)
  A wraith (D:11)
  2 wyverns
  4 humans (D:7)
  Grum (D:11)
  2 wargs (Orc:2)
  3 water moccasins
  An ice beast (D:10)
  2 black bears (D:8)
  3 sky beasts
  37 orc warriors
  2 phantoms
  A tengu (D:6)
  A necrophage (D:11)
  9 ogres
  2 wolves (D:11)
  11 centaurs
  3 big kobolds
  9 bullfrogs
  A wyvern zombie (D:7)
  A wyvern skeleton (D:8)
  4 scorpions
  10 killer bees
  10 wights
  An electric eel (D:10)
  3 howler monkeys
  2 bullfrog zombies (D:11)
  2 quasits (D:11)
  3 hounds
  11 orc priests
  2 iguanas
  A bullfrog skeleton (D:10)
  6 worker ants
  16 orc wizards
  3 hound skeletons
  A worker ant zombie (D:11)
  7 gnolls
  9 adders
  4 white imps
  An ufetubus (D:5)
  An adder skeleton (D:8)
  2 adder zombies
  2 worms
  3 dart slugs
  3 leopard geckos
  64 orcs
  9 giant cockroaches
  2 goblins (D:2)
  5 hobgoblins
  2 jackals (D:11)
  13 kobolds
  4 quokkas
  2 bats
  4 frilled lizards
  A jackal skeleton (D:4)
  A leopard gecko skeleton (D:6)
  A leopard gecko zombie (D:7)
  5 rats
  A spectral orc (D:4)
335 creatures vanquished.

Vanquished Creatures (collateral kills)
  An orc sorcerer (Orc:2)
  A gargoyle (D:10)
  A troll (D:9)
  A blink frog (Orc:1)
  3 orc warriors
  2 phantoms
  A necrophage (D:8)
  An ogre (D:7)
  3 centaurs
  A killer bee (D:7)
  3 wights
  A howler monkey (D:11)
  2 hounds
  An orc priest (D:7)
  An orc wizard (D:7)
  An iguana (D:8)
  An adder zombie (D:7)
  4 orcs
29 creatures vanquished.

Vanquished Creatures (others)
  18 fungi
  26 plants
44 creatures vanquished.

Grand Total: 408 creatures vanquished

Notes
Turn   | Place    | Note
-------+----------+-------------------------------------------
     0 | D:1      | JakersMate the Demonspawn Chaos Knight began the quest for
                  | the Orb.
     0 | D:1      | Reached XP level 1. HP: 18/18 MP: 1/1
    21 | D:1      | XOM: silly message
   359 | D:1      | Gained mutation: You are partially covered in thin metallic
                  | scales. (AC +2) [demonic ancestry]
   359 | D:1      | Reached XP level 2. HP: 24/24 MP: 2/2
   617 | D:1      | XOM: silly message
   972 | D:2      | XOM: god gift: leather armour {god gift}
  1015 | D:2      | XOM is BORED!
  1015 | D:2      | XOM: noise
  1091 | D:2      | XOM: silly message
  1127 | D:2      | Gained mutation: You are mostly covered in thin metallic
                  | scales. (AC +3) [demonic ancestry]
  1127 | D:2      | Reached XP level 3. HP: 29/29 MP: 3/3
  1166 | D:2      | HP: 1/29 [something (14)]
  1510 | D:2      | Reached skill level 1 in Dodging
  2040 | D:3      | XOM: divination: magic mapping
  2109 | D:3      | Noticed Grinder
  2112 | D:3      | XOM: blink monster(s)
  2117 | D:3      | Paralysed by Grinder for 2 turns
  2124 | D:3      | Killed Grinder
  2125 | D:3      | Reached XP level 4. HP: 8/37 MP: 4/4
  2125 | D:3      | Gained mutation: You have sharp toenails. [demonic
                  | ancestry]
  2125 | D:3      | Reached XP level 5. HP: 9/42 MP: 5/5
  2444 | D:3      | Found a blossoming altar of Fedhas.
  2453 | D:3      | XOM: confusion (+ monsters)
  2502 | D:3      | XOM: divination: magic mapping
  2509 | D:3      | You fall into a shaft and drop 3 floors!
  2514 | D:6      | Noticed an ogre
  2519 | D:5      | Entered Level 5 of the Dungeon
  2527 | D:4      | XOM: stealth player
  2663 | D:4      | XOM: divination: detect items
  2665 | D:4      | Reached XP level 6. HP: 48/48 MP: 6/6
  2796 | D:4      | Found a staircase to the Ecumenical Temple.
  2970 | D:4      | XOM: silly message
  3367 | D:4      | Found a basalt altar of Yredelemnul.
  3448 | D:5      | Reached skill level 5 in Maces & Flails
  3579 | D:5      | Reached skill level 1 in Stealth
  3756 | D:5      | Gained mutation: You have razor-sharp toenails. [demonic
                  | ancestry]
  3756 | D:5      | Reached XP level 7. HP: 28/54 MP: 7/7
  3794 | D:5      | Identified the +8 war axe of Yzargh {drain, Str+2 Int-3
                  | Dex+6}
  3821 | D:5      | XOM: smoke on damage
  3929 | D:5      | XOM: divination: detect items
  4035 | D:5      | XOM: silly message
  4070 | D:5      | Reached skill level 5 in Fighting
  4499 | D:5      | XOM: god gift: book of Debilitation
  4568 | D:5      | XOM: give mutations
  4568 | D:5      | Gained mutation: You are somewhat resistant to further
                  | mutation. [Xom's grace]
  4568 | D:5      | Gained mutation: You are robust. (+10% HP) [Xom's grace]
  4568 | D:5      | Gained mutation: Your mind is acute. (Int +2) [Xom's grace]
  4568 | D:5      | Gained mutation: You passively map a small area around you.
                  | [Xom's grace]
  5201 | D:3      | XOM: 4-stop teleportation journey
  5355 | D:6      | XOM: polymorph ogre -> tengu
  5393 | D:6      | XOM: god gift: 50 gold pieces
  5472 | D:6      | XOM: give mutations
  5472 | D:6      | Gained mutation: Your spells are a little harder to cast,
                  | but a little more powerful. [Xom's grace]
  5472 | D:6      | Gained mutation: Your natural rate of healing is unusually
                  | fast. [Xom's grace]
  5472 | D:6      | Gained mutation: Your flesh is cold resistant. (rC+) [Xom's
                  | grace]
  5472 | D:6      | Gained mutation: You are strong-willed. (Will+) [Xom's
                  | grace]
  5561 | D:6      | Noticed a rime drake
  5561 | D:6      | a worker ant changed into a rime drake
  5561 | D:6      | XOM: polymorph worker ant -> rime drake
  5566 | D:6      | Killed a rime drake
  5567 | D:6      | Gained mutation: A weak demonic guardian rushes to your
                  | aid. [demonic ancestry]
  5567 | D:6      | Reached XP level 8. HP: 63/73 MP: 8/8
  5602 | D:6      | Found a shimmering altar of Xom.
  5654 | D:6      | XOM: god gift: spear {god gift}
  5702 | D:6      | XOM: god gift: 1102 gold pieces
  5729 | D:6      | Found Joraps's Distillery.
  5729 | D:6      | XOM: divination: magic mapping
  5747 | D:6      | Bought a potion of curing for 30 gold pieces
  5747 | D:6      | Bought a potion of lignification for 30 gold pieces
  5747 | D:6      | Bought a potion of curing for 30 gold pieces
  5747 | D:6      | Bought a potion of heal wounds for 50 gold pieces
  5747 | D:6      | Bought a potion of heal wounds for 50 gold pieces
  5747 | D:6      | Bought a potion of curing for 30 gold pieces
  5784 | D:6      | XOM: enchant monster (good)
  5801 | D:6      | Found an opulent altar of Gozag.
  6038 | D:6      | Found a glowing silver altar of Zin.
  6195 | D:7      | XOM: cloud trail
  6197 | D:7      | Reached skill level 1 in Axes
  6235 | D:7      | Reached XP level 9. HP: 84/84 MP: 9/9
  6313 | D:7      | XOM: give mutations
  6313 | D:7      | Gained mutation: Your flesh is very cold resistant. (rC++)
                  | [Xom's grace]
  6313 | D:7      | Gained mutation: Your flesh is almost immune to the effects
                  | of cold. (rC+++) [Xom's grace]
  6313 | D:7      | Gained mutation: You expend magic power (3 MP) to
                  | strengthen your wands. [Xom's grace]
  6313 | D:7      | Gained mutation: Your mind is very acute. (Int +4) [Xom's
                  | grace]
  6439 | D:7      | XOM: polymorph white imp -> crimson imp
  6440 | D:7      | Reached skill level 5 in Axes
  6634 | D:7      | XOM: smoke on damage
  6835 | D:7      | XOM: cloud trail
  6912 | D:7      | XOM: summons 2 friendly demons
  6959 | D:7      | XOM: confusion (+ monsters)
  7136 | D:7      | You fall into a shaft and drop 1 floor!
  7208 | D:8      | XOM: blink monster(s)
  7211 | D:8      | XOM: polymorph bullfrog -> killer bee
  7228 | D:8      | Reached XP level 10. HP: 87/91 MP: 10/10
  7234 | D:8      | Found a staircase to the Lair.
  7405 | D:8      | Found an ornate altar of the Wu Jian Council.
  7440 | D:8      | Found a radiant altar of Vehumet.
  7577 | D:8      | Found Bibud's Assorted Antiques.
  8165 | D:9      | XOM: scenery: 1 doors open, 2 doors close
  8341 | D:9      | Reached skill level 10 in Axes
  8371 | D:9      | Found a burning altar of Makhleb.
  8582 | D:9      | Found Seijocuq's Armour Boutique.
  8590 | D:9      | Bought the +3 crown of Dyrovepreva {rElec Int+2 SInv} for
                  | 579 gold pieces
  8590 | D:9      | Found the +3 crown of Dyrovepreva {rElec Int+2 SInv}
  8787 | D:9      | Got a slimy long sword
  8788 | D:9      | Identified the cursed +0 long sword of the Coward {vorpal,
                  | Int-5 Dex+10} (You found it on level 9 of the Dungeon)
  8844 | D:10     | Entered Level 10 of the Dungeon
  8886 | D:10     | Noticed an unseen horror
  8889 | D:10     | Noticed a gargoyle
  8896 | D:10     | XOM: cast spell 'Necromutation'
  8898 | D:10     | Killed an unseen horror
  8902 | D:10     | Killed a gargoyle
  9340 | D:10     | Learned a level 1 spell: Beastly Appendage
  9343 | D:10     | Learned a level 2 spell: Blink
  9346 | D:10     | Learned a level 2 spell: Wereblood
  9349 | D:10     | Learned a level 2 spell: Slow
  9395 | D:10     | Reached skill level 1 in Spellcasting
  9765 | D:10     | XOM: god gift: 13 gold pieces
  9776 | D:10     | XOM: god gift: 25 gold pieces
  9967 | D:11     | Noticed Grum
  9974 | D:11     | Killed Grum
 10022 | D:11     | Noticed a white ugly thing
 10027 | D:11     | XOM: divination: detect items
 10029 | D:11     | XOM: noise
 10031 | D:11     | XOM: noise
 10037 | D:11     | XOM: polymorph white ugly thing -> brown ugly thing
 10038 | D:11     | Killed a brown ugly thing
 10039 | D:11     | Gained mutation: When hurt, damage is shared between your
                  | health and your magic reserves. [demonic ancestry]
 10039 | D:11     | Reached XP level 11. HP: 42/97 MP: 6/16
 10046 | D:11     | XOM: give mutations
 10046 | D:11     | Lost mutation: You are robust. (+10% HP) [Xom's mischief]
 10046 | D:11     | Lost mutation: You are strong-willed. (Will+) [Xom's
                  | mischief]
 10046 | D:11     | Lost mutation: Your mind is very acute. (Int +4) [Xom's
                  | mischief]
 10046 | D:11     | Lost mutation: You expend magic power (3 MP) to strengthen
                  | your wands. [Xom's mischief]
 10185 | D:11     | Found a roughly hewn altar of Beogh.
 10185 | D:11     | Found a staircase to the Orcish Mines.
 10189 | D:11     | XOM: divination: detect items
 10195 | D:11     | Paralysed by an orc warrior for 7 turns
 10196 | D:11     | XOM: summons 6 friendly demons
 10213 | D:11     | XOM: silly message
 10338 | D:11     | Noticed a boulder beetle
 10352 | D:11     | XOM: 1-stop teleportation journey
 10417 | D:11     | XOM: blink monster(s)
 10424 | D:11     | Reached skill level 5 in Spellcasting
 10525 | D:11     | Killed a boulder beetle
 10691 | D:11     | XOM: summons 11 friendly demons
 11167 | Orc:1    | Entered Level 1 of the Orcish Mines
 11167 | Orc:1    | Noticed an orc sorcerer
 11174 | Orc:1    | XOM: noise
 11174 | Orc:1    | Paralysed by an orc sorcerer for 4 turns
 11176 | Orc:1    | Noticed a sixfirhy
 11182 | D:11     | Killed an orc sorcerer
 11451 | Orc:1    | Noticed an orc knight
 11454 | Orc:1    | Found a roughly hewn altar of Beogh.
 11454 | Orc:1    | XOM: summons friendly crimson imp
 11460 | Orc:1    | XOM: polymorph white imp -> crimson imp
 11469 | Orc:1    | Killed an orc knight
 11474 | Orc:1    | Reached skill level 10 in Fighting
 11639 | Orc:2    | Entered Level 2 of the Orcish Mines
 11651 | Orc:2    | XOM: fake destruction
 11681 | Orc:2    | Noticed an orc knight
 11691 | Orc:2    | Noticed a stone giant
 11819 | Orc:2    | Killed an orc knight
 11826 | Orc:2    | Killed a stone giant
 12014 | Orc:2    | Found a staircase to the Elven Halls.
 12017 | Orc:2    | Noticed an orc sorcerer
 12027 | Orc:2    | Paralysed by an orc sorcerer for 4 turns
 12028 | Orc:2    | XOM: noise
 12030 | Orc:2    | Killed an orc sorcerer
 12031 | Orc:2    | Noticed an orc knight
 12034 | Orc:2    | Noticed an orc knight
 12039 | Orc:2    | Gained mutation: You regenerate magic rapidly. [demonic
                  | ancestry]
 12039 | Orc:2    | Reached XP level 12. HP: 65/100 MP: 13/23
 12132 | Orc:1    | XOM: polymorph troll -> blink frog
 12266 | Orc:1    | XOM: scenery: summon butterflies
 12268 | Orc:1    | Noticed Sonja
 12279 | Orc:1    | Killed Sonja
 12555 | Orc:2    | XOM: divination: detect items
 12742 | Orc:2    | XOM: cloud trail
 12833 | Orc:2    | Reached skill level 5 in Armour
 12835 | Orc:2    | XOM: divination: magic mapping
 13080 | Orc:2    | XOM: confuse monster(s)
 13182 | Orc:2    | XOM: summons 2 friendly demons
 13185 | Orc:2    | XOM: summons 2 friendly demons
 13254 | Orc:2    | Found Zosi's Book Shoppe.
 13254 | Orc:2    | Found Dukewkec's General Store.
 13260 | Orc:2    | Found Kaemicw's Armour Shop.
 13262 | Orc:2    | Found Rosityju's General Store.
 13286 | Orc:2    | Bought a potion of heal wounds for 80 gold pieces
 13286 | Orc:2    | Bought a scroll of fog for 32 gold pieces
 13529 | Elf:1    | Entered Level 1 of the Elven Halls
 13544 | Elf:1    | XOM: scenery: create altars
 13656 | Elf:1    | You fall into a shaft and drop 1 floor!
 13656 | Elf:2    | XOM: divination: detect creatures
 13658 | Elf:2    | XOM: destruction
 13663 | Elf:2    | HP: 4/101 [+1 flail of protection (17)]
 13663 | Elf:2    | Mangled by a +1 flail of protection

Illustrated notes

Levels and vault maps discovered:
D:1:      eino_arrival_water_star, layout_loops_ring,
          amcnicky_mini_corridor_feature, minmay_tromino_v2
D:2:      layout_loops_cross
D:3:      layout_basic, fedhas_altar_3, uniq_grinder
D:4:      layout_basic, yredelemnul_forgotten_temple_becter,
          minmay_temple_entry_water_ring, kennysheep_potato
D:5:      layout_layer_cave
D:6:      layout_cave_pools, grunt_gozag_breadcrumbs, zin_treasury,
          serial_shops, shop, xom_teletrap_fun
D:7:      layout_rooms, hangedman_decor_points, minmay_ruffians
D:8:      layout_rooms, lemuel_round_altar, nicolae_overflow_hidden_temple,
          due_lair_maze_entry_diamond, serial_shops, shop
D:9:      layout_stronghold, marbit_many_paths, serial_shops, shop
D:10:     layout_basic
D:11:     layout_small_grid, david_orc_5, kennysheep_generic_room_8, uniq_grum
Orc:1:    layout_caves, serial_shops, shop, mines2_david, uniq_sonja,
          uniq_erolcha
Orc:2:    st_orc_rangers, layout_diamond_mine
Elf:1:    layout_rooms, minmay_elf_demonology, hangedman_elf_disciples,
          uniq_roxanne, uniq_donald
Elf:2:    layout_gridlike, basic_altar

Skill      XL: |  1  2  3  4  5  6  7  8  9 10 11 12 |
---------------+-------------------------------------+-----
Maces & Flails | 3 4 5 |  5.8
Armour         | 2 3 6 |  6.6
Dodging        | 1 2 |  2.2
Fighting       | 4 7 9 11 | 11.7
Stealth        | 1 |  1.0
Axes           | 2 8 11 | 11.0
Spellcasting   | 3 7 |  7.4
Transmutations | 2 |  2.8

Action                   |  1- 3 |  4- 6 |  7- 9 | 10-12 || total
-------------------------+-------+-------+-------+-------++-------
Melee: Mace              |    82 |    61 |    37 |       ||   180
       War axe           |       |       |   203 |   530 ||   733
       Kick              |       |       |       |    24 ||    24
       Headbutt          |       |       |       |    18 ||    18
 Cast: Beastly Appendage |       |       |       |    12 ||    12
       Wereblood         |       |       |       |    10 ||    10
Evoke: Phantom mirror    |       |       |       |     1 ||     1
       Wand              |       |       |       |     6 ||     6
  Use: Scroll            |     2 |     6 |     6 |    16 ||    30
       Potion            |       |       |     5 |     3 ||     8
 Stab: Confused          |     1 |       |       |       ||     1
       Sleeping          |       |     2 |     5 |     7 ||    14
       Distracted        |       |       |     2 |     8 ||    10
Armor: Leather armour    |    32 |    23 |   125 |   180 ||   360
       Troll leather arm |       |       |       |    45 ||    45
Dodge: Dodged            |    39 |    27 |   216 |   391 ||   673
